 Dungeon Crawl Stone Soup version 0.27.1-1-g398f81649c (webtiles) character file.

Game seed: 2844125127722390402

1464 ZARRMARR the Cutter (level 8, -1/56 HPs)
             Began as an Octopode Monk on Sept 9, 2021.
             Was a Believer of Okawaru.
             Slain by an unseen horror (6 damage)
             ... on level 6 of the Dungeon.
             The game lasted 00:18:47 (5949 turns).

ZARRMARR the Cutter (Octopode Monk)                 Turns: 5949, Time: 00:18:48

Health: -1/56      AC:  1    Str: 10    XL:     8   Next: 77%
Magic:  7/9        EV: 18    Int: 14    God:    Okawaru [**....]
Gold:   255        SH:  0    Dex: 15    Spells: 7/7 levels left

rFire    . . .     SeeInvis .   r - +1 short sword (spect)
rCold    . . .     Faith    .   (no shield)
rNeg     . . .     Spirit   .   (helmet restricted)
rPois    .         Reflect  .   (no amulet)
rElec    .         Harm     .   e - ring of resist corrosion
rCorr    +         Rampage  .   o - +4 ring of slaying
Will     .....                  (no ring)
Stlth    ++++++....             (no ring)
HPRegen  0.18/turn              (no ring)
MPRegen  0.11/turn              (no ring)
                                (no ring)
                                (no ring)

@: heroic, hasted, very quick
A: almost no armour, amphibious, 8 rings, camouflage 1, gelatinous body 1,
(nimble swimmer 1), tentacles
a: Renounce Religion, Heroism


You were on level 6 of the Dungeon.
You worshipped Okawaru.
Okawaru was pleased with you.
You visited 2 branches of the dungeon, and saw 7 of its levels.
You also visited: Ossuary.

You collected 255 gold pieces.

Inventory:

Hand Weapons
 r - a +1 spectral short sword (weapon)
Missiles
 k - a throwing net
 q - 2 boomerangs (quivered)
 s - a curare-tipped dart
Jewellery
 c - an amulet of magic regeneration
 e - a ring of resist corrosion (left tentacle)
 o - a +4 ring of slaying (right tentacle)
Wands
 d - a wand of paralysis (19)
 f - a wand of digging (2)
Scrolls
 a - a scroll of identify {unknown}
 g - 2 scrolls of teleportation
 j - a scroll of enchant armour
 n - a scroll of amnesia {unknown}
 t - a scroll of blinking {unknown}
Potions
 b - a potion of might {unknown}
 h - a potion of brilliance {unknown}
 i - a potion of degeneration {unknown}
 l - a potion of invisibility {unknown}
 m - 2 potions of haste
 p - a potion of heal wounds {unknown}


   Skills:
 + Level 5.4(10.4) Fighting
 * Level 7.2(12.2) Short Blades
 + Level 5.5(10.5) Dodging
 + Level 7.1(12.1) Stealth
 + Level 1.7 Invocations


You had 7 spell levels left.
You didn't know any spells.
Your spell library contained the following spells:

 Spells                   Type           Power      Damage    Failure   Level
 Corona                   Hex            0%         N/A       28%         1
 Blink                    Tloc           N/A        N/A       41%         2
 Ensorcelled Hibernation  Hex/Ice        0%         N/A       41%         2
 Slow                     Hex            0%         N/A       41%         2
 Confusing Touch          Hex            0%         N/A       65%         3
 Spider Form              Tmut/Pois      0%         N/A       65%         3
 Tukima's Dance           Hex            0%         N/A       65%         3
 Yara's Violent Unravell  Hex/Tmut       0%         3d3       100%        5
 Shadow Creatures         Summ           N/A        N/A       100%        6
 Malign Gateway           Summ/Tloc      0%         N/A       100%        7
 Monstrous Menagerie      Summ           0%         N/A       100%        7


Dungeon Overview and Level Annotations

Branches:
Dungeon (6/15)             Temple (1/1) D:5         Ossuary (visited)

Altars:
Ashenzari
Cheibriados
Elyvilon
Fedhas
Gozag
Hepliaklqana
Kikubaaqudgha
Makhleb
Nemelex Xobeh
Okawaru
Qazlal
Ru
Sif Muna
Trog
Uskayaw
Vehumet
Wu Jian
Xom
Yredelemnul
Zin
The Shining One

Shops:
D:5 [


Innate Abilities, Weirdness & Mutations

You cannot wear most types of armour.
You are amphibious.
You can wear up to eight rings at the same time.
Your skin changes colour to match your surroundings (Stealth+).
Your rubbery body absorbs attacks. (AC +1, EV +1)
((You are camouflaged near water. (Stealth+)))
You have tentacles for arms and can constrict up to eight enemies at once.


Message History

You kill the adder!
Okawaru accepts your kill.
You constrict the orc warrior, but do no damage.
The orc barely misses your +1 spectral short sword.
The orc warrior struggles to escape constriction.
The orc priest looks encouraged for a moment.
The orc wizard completely misses your +1 spectral short sword.
You puncture the orc!
You kill the orc!
Okawaru accepts your kill.
You constrict the orc warrior. The orc warrior closely misses you.
You hit the orc. You grab the orc. You squeeze the orc.
You kill the orc!
Okawaru accepts your kill.
You constrict the orc warrior, but do no damage.
Something hits you!
Deactivating autopickup; reactivate with Ctrl-A.
You hit the orc wizard. You grab the orc wizard.
The orc wizard is moderately wounded.
Your +1 spectral short sword hits the orc wizard.
You constrict the orc warrior, but do no damage.
You constrict the orc wizard. Something hits you!
The orc warrior hits you with a +0 battleaxe!!
The orc warrior barely misses your +1 spectral short sword.
The orc wizard hits you with a +0 dagger.
You gain the combat prowess of a mighty hero.
You constrict the orc warrior, but do no damage.
You constrict the orc wizard. Something hits you but does no damage.
The orc warrior misses you. The iguana closely misses you.
The orc wizard closely misses you. The orc warrior misses you.
The orc priest calls down the wrath of Beogh upon you.
Beogh smites you!
* * * LOW HITPOINT WARNING * * *
You hear a shout!
It was a potion of haste.
You feel yourself speed up.
You constrict the orc warrior. You constrict the orc wizard.
You kill the orc wizard!
Okawaru accepts your kill. Something hits you.
You die...

####.# ###... ##....#
#....# ###..##># ##.##.#
. ....###.# #..##.# ##.
........####.....# ...
..).)............##.#
..<.))..##.......#o.#.#
..).).....).(...§<...#:#
........####...§@o....#
...#.).###......lo......
...[)####.?.............
..†..# ....###<....>....
...)....### ##.........
........... #.........
....##.#### #.........
....# .# #.........
..... ..


You could see 2 orc warriors, an iguana and an orc priest.

Vanquished Creatures
  Sigmund (D:2)
  4 necrophages
  An ogre (D:5)
  A phantom (D:5)
  A kobold brigand (D:6)
  Blork the orc (D:4)
  A gnoll sergeant (D:5)
  A scorpion (D:4)
  2 howler monkeys
  A centaur zombie (Ossuary)
  A gnoll shaman (D:4)
  A hound (D:5)
  A jelly (D:4)
  An iguana (D:4)
  An orc wizard (D:6)
  6 mummies (Ossuary)
  10 gnolls
  4 adders
  A white imp (D:5)
  An ufetubus (D:5)
  An adder skeleton (D:4)
  A worm (D:2)
  13 orcs
  7 ball pythons
  7 endoplasms
  4 giant cockroaches
  11 goblins
  4 hobgoblins
  4 jackals (D:1)
  3 quokkas
  7 bats
  2 frilled lizards
  11 kobolds
  3 rats
119 creatures vanquished.

Vanquished Creatures (others)
  A plant (D:5)
1 creature vanquished.

Grand Total: 120 creatures vanquished

Notes
Turn   | Place    | Note
-------+----------+-------------------------------------------
     0 | D:1      | ZARRMARR the Octopode Monk began the quest for the Orb.
     0 | D:1      | Reached XP level 1. HP: 16/16 MP: 1/1
   302 | D:1      | Reached XP level 2. HP: 21/21 MP: 2/2
   657 | D:1      | Found a faded altar of an unknown god.
   724 | D:1      | Reached XP level 3. HP: 25/26 MP: 3/3
  1424 | D:2      | Found a broken altar of Ashenzari.
  1459 | D:2      | Noticed Sigmund
  1468 | D:2      | Killed Sigmund
  1469 | D:2      | Reached XP level 4. HP: 33/33 MP: 4/4
  1469 | D:2      | Reached XP level 5. HP: 37/37 MP: 5/5
  2037 | D:3      | Reached XP level 6. HP: 40/43 MP: 6/6
  2713 | D:4      | Found a sand-covered staircase.
  2720 | D:4      | Reached skill level 5 in Short Blades
  2728 | D:4      | Got the Incunabulum of Displaced Summoning
  2881 | Ossuary  | Entered an ossuary
  2893 | Ossuary  | Reached skill level 5 in Stealth
  3157 | Ossuary  | Reached XP level 7. HP: 6/48 MP: 7/7
  4253 | D:4      | Noticed Blork the orc
  4257 | D:4      | Killed Blork the orc
  4408 | D:4      | Reached XP level 8. HP: 29/54 MP: 8/8
  4717 | D:5      | Entered Level 5 of the Dungeon
  4730 | D:5      | Found a staircase to the Ecumenical Temple.
  4739 | Temple   | Entered the Ecumenical Temple
  5027 | Temple   | Became a worshipper of Warmaster Okawaru
  5027 | Temple   | Reached * piety under Okawaru
  5027 | Temple   | Reached ** piety under Okawaru
  5152 | D:5      | Reached skill level 5 in Fighting
  5152 | D:5      | Reached skill level 5 in Dodging
  5443 | D:5      | Reached skill level 1 in Invocations
  5635 | D:5      | Found Elyeplor's Antique Armour Emporium.
  5949 | D:6      | Slain by an unseen horror

Illustrated notes

Levels and vault maps discovered:
D:1:      tarquinn_simple_flora_water_b, layout_rooms,
          shapermc_ecumenical_altar_hornbeckon, minmay_pentomino_x4
D:2:      layout_basic, basic_altar, minivault_11, uniq_sigmund
D:3:      layout_basic
D:4:      layout_loops_corners, enter_ossuary_1,
          minmay_fractal_squares_gapless_5, uniq_blork_the_orc
D:5:      layout_gridville, minmay_temple_entry_gardened_gates, serial_shops,
          nicolae_stop_n_shop_2, chequers_serial_rivers_room_a,
          kennysheep_generic_room_3
D:6:      layout_rooms, minmay_misc_feat_alley, minmay_manual_mess
Temple:   roderic_octagonal_lattice_temple

Skill      XL: |  1  2  3  4  5  6  7  8 |
---------------+-------------------------+-----
Stealth        | 3 4 5 6 7 |  7.1
Short Blades   | 4 5 6 7 |  7.2
Fighting       | 4 5 |  5.4
Dodging        | 4 5 |  5.5
Invocations    | 1 |  1.7

Action                   |  1- 3 |  4- 6 |  7- 9 || total
-------------------------+-------+-------+-------++-------
Melee: Short sword       |    72 |    85 |   118 ||   275
       Constrict         |    15 |    17 |    38 ||    70
       Tentacles         |    12 |    17 |    30 ||    59
       Punch             |       |       |     2 ||     2
Invok: Heroism           |       |       |     5 ||     5
Evoke: Wand              |     1 |       |       ||     1
  Use: Scroll            |     1 |     1 |     5 ||     7
       Potion            |       |     1 |     2 ||     3
 Stab: Sleeping          |     6 |     8 |     6 ||    20
       Paralysed         |     2 |       |       ||     2
       Distracted        |       |       |     2 ||     2
Armor: Skin              |     2 |     4 |     5 ||    11
Dodge: Dodged            |    55 |    40 |    69 ||   164
